 Dungeon Crawl Stone Soup version 0.29-a0-870-g2c972031a6 (webtiles) character file.

Game seed: 7799357646473394484

47 jlumianski the Chiller (level 3, -3/24 HPs)
             Began as a Demonspawn Ice Elementalist on July 17, 2022.
             Slain by Natasha (6 damage)
             ... on level 2 of the Dungeon.
             The game lasted 00:07:55 (1198 turns).

jlumianski the Chiller (DsIE)                       Turns: 1198, Time: 00:07:55

Health: -3/24      AC:  7    Str:  8    XL:     3   Next: 48%
Magic:  6/6        EV: 12    Int: 18    God:
Gold:   53         SH:  0    Dex: 13    Spells: 0/7 levels left

rFire   . . .      SeeInvis .   j - +0 short sword
rCold   . . .      Faith    .   (no shield)
rNeg    . . .      Spirit   .   l - +2 robe {Archmagi}
rPois   .          Reflect  .   o - +0 helmet
rElec   .          Harm     .   (no cloak)
rCorr   .          Rampage  .   (no gloves)
Will    .....      Archmagi +   (no boots)
Stlth   ++........              (no amulet)
HPRegen 0.08/turn               (no ring)
MPRegen 0.10/turn               (no ring)

@: lethally poisoned (-3 -> -5), hasted and slowed
A: claws 1, molten scales 1
a: no special abilities


You were on level 2 of the Dungeon.
You visited 1 branch of the dungeon, and saw 2 of its levels.

You collected 53 gold pieces.

Inventory:

Hand Weapons
 j - a +0 short sword (weapon)
 s - a +0 war axe
Missiles
 f - 15 stones
 p - 2 poisoned darts
Armour
 a - a +0 robe
 e - a +0 kite shield
 l - a +2 robe of the Archmagi (worn)
 o - a +0 helmet (worn)
Scrolls
 c - a scroll of blinking {unknown}
 h - a scroll of identify {unknown}
 m - a scroll of teleportation {unknown}
 q - a scroll of fear {unknown}
Potions
 b - a potion of magic
 g - a potion of lignification {unknown}
 i - a potion of curing {unknown}
 k - a potion of might {unknown}
 n - a potion of attraction {unknown}
 r - a potion of heal wounds {unknown}


   Skills:
 + Level 0.1 Fighting
 + Level 2.0 Dodging
 + Level 1.8 Stealth
 + Level 2.5 Spellcasting
 + Level 4.3 Ice Magic


You couldn't memorise any spells.
You knew the following spells:

 Your Spells              Type           Power      Damage    Failure   Level
a - Freeze                Ice            100%       1d11      3%          1
b - Frozen Ramparts       Ice            52%        1d7       9%          3
c - Ozocubu's Armour      Ice            26%        N/A       9%          3

Your spell library contained the following spells:

 Spells                   Type           Power      Damage    Failure   Level
 Hailstorm                Conj/Ice       15%        3d5       56%         4


Dungeon Overview and Level Annotations

Branches:
Dungeon (2/15)

Altars:

Annotations:
D:2 Natasha


Innate Abilities, Weirdness & Mutations

You have sharp fingernails.
You are partially covered in molten scales. (AC +2)


Message History

Natasha casts a spell at you.
You feel yourself slow down.
Natasha zaps a wand.
The bolt of light hits you!
You are confused.
You bump into the rock wall.
You bump into the rock wall.
You feel less confused.
Natasha mumbles some strange words.
You feel troubled.
Natasha casts a spell.
The rat bites you but does no damage. The rat closely misses you.
The rat attacks as you move away! The rat misses you.
The rat attacks as you move away! The rat bites you but does no damage.
Natasha casts a spell.
The rat barely misses you. The rat attacks as you move away!
The rat barely misses you.
The rat twitches its whiskers.
The rat closely misses you. The rat attacks as you move away!
The rat bites you. The rat attacks as you move away!
The rat closely misses you. The rat bites you but does no damage.
The adder bites you. The rat closely misses you.
The rat attacks as you move away! The rat bites you but does no damage.
The rat attacks as you move away! The rat barely misses you.
The adder bites you.
You are poisoned.
The adder poisons you! The rat attacks as you move away!
The rat closely misses you.
* * * LOW HITPOINT WARNING * * *
You feel sick.
The shadow imp disappears in a puff of smoke!
The adder completely misses you. The rat bites you but does no damage.
* * * LOW HITPOINT WARNING * * *
You feel sick.
Natasha casts a spell.
It was a potion of haste.
You feel yourself speed up.
You feel sick. The adder bites you.
* * * LOW HITPOINT WARNING * * *
The rat barely misses you. The adder completely misses you. Natasha claws you.
You die...

##...#............###.#
####..####..........## .
...................... ...
#.........##.######## .
....###.....>...##.# ..
...............##.# ...
...............##)# ...##.#
##.....h...##.#######.
.#..#.####.5...r@..†..........
. #...##.5.....S5r.##.<#######
.####....#.........###.#
.....5####.........#.........#
......# ##.#..###..........##
......#####...##..........###
.............##..#.##.##..#
..(........... ....##.# ..#
...5..r..[......## #. #..


You could see Natasha (resistant), 2 crimson imps, an adder, a white imp
(summoned) and 2 rats.

Vanquished Creatures
  An adder (D:2)
  A worm (D:1)
  A dart slug (D:1)
  3 ball pythons
  2 endoplasms (D:1)
  2 giant cockroaches
  2 goblins (D:1)
  A hobgoblin (D:1)
  3 jackals (D:1)
  3 quokkas
  3 bats
  4 kobolds
  3 rats (D:1)
29 creatures vanquished.

Notes
Turn   | Place    | Note
-------+----------+-------------------------------------------
     0 | D:1      | jlumianski the Demonspawn Ice Elementalist began the quest
                  | for the Orb.
     0 | D:1      | Reached XP level 1. HP: 13/13 MP: 3/3
   406 | D:1      | Gained mutation: You have sharp fingernails. [demonic
                  | ancestry]
   406 | D:1      | Reached XP level 2. HP: 19/19 MP: 0/5
   513 | D:1      | Reached skill level 4 in Ice Magic
   583 | D:1      | Found a faded altar of an unknown god.
   950 | D:2      | Gained mutation: You are partially covered in molten
                  | scales. (AC +2) [demonic ancestry]
   950 | D:2      | Reached XP level 3. HP: 23/24 MP: 1/6
  1160 | D:2      | Learned a level 3 spell: Frozen Ramparts
  1164 | D:2      | Learned a level 3 spell: Ozocubu's Armour
  1176 | D:2      | Noticed Natasha
  1198 | D:2      | Slain by Natasha

Illustrated notes

Levels and vault maps discovered:
D:1:      zaba_arrival_water, layout_rooms, basic_ecumenical_altar
D:2:      layout_rooms, uniq_jessica, uniq_natasha

Skill      XL: |  1  2 |
---------------+-------+-----
Ice Magic      | 4 |  4.3
Dodging        | 2 |  2.0
Fighting       | |  0.1
Stealth        | |  1.8
Spellcasting   | |  2.5

Action                   || total
-------------------------++-------
Melee: Short sword       ||    40
 Cast: Freeze            ||    40
  Use: Potion            ||     1
Armor: Robe              ||    36
Dodge: Dodged            ||    78

Table legend: (Time is in decaauts)
 A = Elapsed time spent in this place.
 B = Non-inter-level travel time spent in this place.
 C = Inter-level travel time spent in this place.
 D = Time resting spent in this place.
 E = Time spent auto-exploring this place.
 F = Levels seen in this place.
 G = Mean time per level.
                   A        B        C        D        E       F      G
               +--------+--------+--------+--------+--------+-----+--------+
         Total |   1220 |   1220 |      0 |    128 |    532 |   2 |  610.0 |
       Dungeon |   1220 |   1220 |      0 |    128 |    532 |   2 |  610.0 |
               +--------+--------+--------+--------+--------+-----+--------+

Top non-repeatable levels by time:
     D:1: 1030 daAuts
     D:2: 190 daAuts
